 Dungeon Crawl Stone Soup version 0.22.1-1-ga44c0e5 (webtiles) character file.

183 Anon1729 the Chopper (level 5, -3/79 HPs)
             Began as a Naga Gladiator on Sept 27, 2018.
             Slain by a goblin (5 damage)
             ... led by Robin
             ... on level 3 of the Dungeon.
             The game lasted 00:03:44 (2359 turns).

Anon1729 the Chopper (Naga Gladiator)               Turns: 2359, Time: 00:03:45

Health: -3/79      AC:  4    Str: 21    XL:     5   Next: 62%
Magic:  5/5        EV: 11    Int:  9    God:
Gold:   114        SH:  0    Dex: 15    Spells: 4/4 levels left

rFire    . . .     SeeInvis +   a - +0 war axe
rCold    . . .     Gourm    .   (no shield)
rNeg     . . .     Faith    .   b - +0 leather armour
rPois    +         Spirit   .   c - +0 helmet
rElec    .         Reflect  .   (no cloak)
rCorr    .         Harm     .   (no gloves)
MR       .....     Clarity  +   (no barding)
Stlth    ..........             (no amulet)
HPRegen  0.23/turn              (no ring)
MPRegen  0.09/turn              (no ring)

@: mighty, berserking (expiring), hasted, quick
A: large, thin skeletal structure 1, see invisible, clarity, deformed body,
poison resistance, robust 1, slowness 2, slow metabolism 1, spit poison 1, AC +1
a: Spit Poison


You were on level 3 of the Dungeon.
You were not hungry.

You visited 1 branch of the dungeon, and saw 3 of its levels.

You collected 114 gold pieces.

Inventory:

Hand Weapons
 a - a +0 war axe (weapon)
 g - a +2 hand axe of freezing
 j - a +0 spear of freezing
Missiles
 d - 3 throwing nets (quivered)
 t - 7 javelins
Armour
 b - a +0 leather armour (worn)
 c - a +0 helmet (worn)
Wands
 v - a wand of iceblast (7)
Scrolls
 e - a scroll of enchant armour {unknown}
 k - a scroll of magic mapping {unknown}
 l - 3 scrolls of remove curse {unknown}
 m - a scroll of fear {unknown}
 o - 4 scrolls of identify {unknown}
 r - a scroll of teleportation {unknown}
Potions
 h - a potion of haste
 i - a potion of might
 q - a potion of magic {unknown}
 u - a potion of heal wounds {unknown}
Comestibles
 f - 7 rations
 s - a chunk of flesh


   Skills:
 + Level 3.0 Fighting
 * Level 4.4 Axes
 - Level 2.0 Throwing
 + Level 1.6 Armour
 - Level 3.1 Dodging


You had 4 spell levels left.
You didn't know any spells.
Your spell library was empty.

Dungeon Overview and Level Annotations

Branches:
Dungeon (3/15)

Altars:
Makhleb


Innate Abilities, Weirdness & Mutations

You cannot wear boots.
Your serpentine skin is tough. (AC +1)
You have supernaturally acute eyesight. (SInv)
Armour fits poorly on your strangely shaped body.
Your system is resistant to poisons. (rPois)
You cover ground very slowly.
You have a slow metabolism.
You can spit poison.
You have a somewhat thin skeletal structure. (Dex +2, Stealth)
You possess an exceptional clarity of mind.
You are robust. (+10% HP)


Message History

You kill Robin!
Your Fighting skill increases to level 3!
Unknown command.
You barely miss the goblin. You closely miss the hobgoblin.
The hobgoblin hits you but does no damage.
The goblin hits you with a club.
* * * LOW HITPOINT WARNING * * *
Unknown command.
Unknown command.
You slash the goblin!
You kill the goblin!
You slash the hobgoblin!
You kill the hobgoblin!
Unknown command.
You hit the goblin.
The goblin is heavily wounded.
Unknown command.
You completely miss the goblin. You barely miss the goblin.
The goblin hits you.
You die...

#. #.#.# ##.##....... #.
#.#.###..##....... #.
#####........)........ g.
...(.........####.#### # #.
#########.........# #.####.
#.....#####
.......###########.......#
#..........wgg............
......†)....#@..##.........
.##......######..#.........
.........# ##.>.........
##'##....# ###........ #.
#....# #)......( # #....#
#........ #....# ##.......
#....# #.....# ######


You could see a dart slug and 2 goblins.

Vanquished Creatures
  A sky beast (D:3)
  Robin (D:3)
  2 adders (D:2)
  A dart slug (D:1)
  2 worms (D:2)
  3 leopard geckos
  5 orcs (D:3)
  4 bats
  A giant cockroach (D:2)
  8 goblins
  11 hobgoblins
  5 jackals (D:1)
  5 frilled lizards
  6 kobolds
  7 rats
62 creatures vanquished.

Notes
Turn   | Place    | Note
-------+----------+-------------------------------------------
     0 | D:1      | Anon1729 the Naga Gladiator began the quest for the Orb.
     0 | D:1      | Reached XP level 1. HP: 19/19 MP: 1/1
   318 | D:1      | Reached XP level 2. HP: 24/26 MP: 2/2
   631 | D:1      | Reached XP level 3. HP: 32/32 MP: 3/3
  1300 | D:2      | Found a burning altar of Makhleb.
  1300 | D:2      | Noticed a balrug
  1303 | D:2      | Noticed a neqoxec
  1303 | D:2      | Noticed an orange demon
  1439 | D:2      | Reached skill level 1 in Armour
  1716 | D:2      | Reached XP level 4. HP: 24/40 MP: 4/4
  2287 | D:3      | Found a faded altar of an unknown god.
  2327 | D:3      | Noticed Robin
  2329 | D:3      | Noticed a sky beast
  2345 | D:3      | Gained mutation: You are robust. (+10% HP) [potion of
                  | mutation]
  2345 | D:3      | Gained mutation: You possess an exceptional clarity of
                  | mind. [potion of mutation]
  2345 | D:3      | Gained mutation: You have a somewhat thin skeletal
                  | structure. (Dex +2, Stealth) [potion of mutation]
  2347 | D:3      | Killed a sky beast
  2347 | D:3      | Reached skill level 4 in Axes
  2347 | D:3      | Reached XP level 5. HP: 8/52 MP: 5/5
  2349 | D:3      | HP: 2/52 [hobgoblin/club[Robin] (7)]
  2355 | D:3      | Killed Robin
  2356 | D:3      | HP: 1/79 [goblin/club[Robin] (3)]
  2359 | D:3      | Slain by a goblin

Skill      XL: |  1  2  3  4  5 |
---------------+----------------+-----
Throwing       | 2 |  2.0
Armour         | 1 |  1.6
Axes           | 4 |  4.4
Dodging        | 3 |  3.1
Fighting       | 3 |  3.0

Action                   |  1- 3 |  4- 6 || total
-------------------------+-------+-------++-------
Melee: War axe           |    95 |    50 ||   145
 Abil: Spit Poison       |     1 |     1 ||     2
  Use: Potion            |       |     4 ||     4
  Eat: Chunk             |     1 |     2 ||     3
Armor: Leather armour    |    29 |    18 ||    47
Dodge: Dodged            |    80 |    30 ||   110
